 Dungeon Crawl Stone Soup version 0.29.1-15-g9cfb28693d (webtiles) character file.

Game seed: 5533459623278181624

198 twnfb the Spear-Bearer (level 5, -6/57 HPs)
             Began as a Merfolk Gladiator on Dec 28, 2022.
             Mangled by Sigmund
             ... wielding a +0 scythe
              (9 damage)
             ... on level 4 of the Dungeon on Mar 17, 2023.
             The game lasted 00:20:49 (3018 turns).

twnfb the Spear-Bearer (Merfolk Gladiator)          Turns: 3018, Time: 00:20:50

Health: -6/57      AC: 22    Str: 16    XL:     5   Next: 77%
Magic:  4/4        EV:  2    Int:  7    God:
Gold:   164        SH:  3    Dex: 16    Spells: 4/4 levels left

rFire   . . .      SeeInvis .   a - +0 trident
rCold   . . .      Faith    .   l - +0 buckler
rNeg    . . .      Spirit   .   (body armour currently unavailable)
rPois   +          Reflect  .   (helmet currently unavailable)
rElec   .          Harm     .   (cloak currently unavailable)
rCorr   .          Rampage  .   (gloves currently unavailable)
Will    .....      NoTele   +   (boots currently unavailable)
Stlth   +.........              (no amulet)
HPRegen 0.19/turn               (no ring)
MPRegen 0.09/turn               (no ring)

@: tree-form
A: stationary, stasis, torment immunity, boosted hp, (nimble swimmer 2),
(mertail), (fire resistance 1), low MP 1, (sturdy frame 1)
a: no special abilities


You were on level 4 of the Dungeon.
You were a tree.
You visited 1 branch of the dungeon, and saw 4 of its levels.

You collected 164 gold pieces.

Inventory:

Hand Weapons
 a - a +0 trident (weapon)
 h - a +0 vorpal hand axe
Missiles
 e - 5 javelins (quivered)
 j - 3 poisoned darts
Armour
 b - a +0 leather armour
 c - a +0 helmet (melded)
 l - a +0 buckler (worn)
 n - a +0 ring mail
 s - a +0 leather armour
 t - a +0 scale mail (melded)
Scrolls
 i - 2 scrolls of immolation
 p - a scroll of teleportation
Potions
 f - a potion of lignification
 g - a potion of might
 k - a potion of curing {unknown}
 m - a potion of attraction {unknown}
 o - a potion of heal wounds {unknown}
 q - a potion of cancellation {unknown}
 r - a potion of invisibility {unknown}


   Skills:
 - Level 2.1 Fighting
 + Level 8.3 Polearms
 - Level 2.0 Throwing
 - Level 4.0 Dodging


You had 4 spell levels left.
You didn't know any spells.
Your spell library contained the following spells:

 Spells                   Type           Power      Damage    Failure   Level
 Summon Guardian Golem    Hex/Summ       0%         N/A       88%         3
 Orb of Destruction       Conj           0%         9d5       100%        7
 Spellforged Servitor     Conj/Summ      0%         N/A       100%        7


Dungeon Overview and Level Annotations

Branches:
Dungeon (4/15)
 Temple: D:4-7

Altars:
Elyvilon

Shops:
D:4 *

Annotations:
D:4 Sigmund


Innate Abilities, Weirdness & Mutations

You are a tree.
Your roots penetrate the ground, keeping you stationary.
You cannot be teleported.
You are immune to unholy pain and torment.
Your maximum health is greatly increased.
Your equipment is partially melded.
((You are very nimble when in or above water. (Stealth+, EV+, Speed+++)))
((Your lower body shifts to a powerful aquatic tail in water.))
((Your flesh is heat resistant. (rF+)))
Your magical capacity is low. (-10% MP)
((Your movements are slightly less encumbered by armour. (ER -2)))


Message History

You swing at nothing.
Something hits you but does no damage.
You swing at nothing.
Something hits you.
* * * LOW HITPOINT WARNING * * *
You swing at nothing.
You swing at nothing.
You hear some strange, mumbled words.
A puff of flame appears from out of thin air!
The puff of flame hits you.
* * * LOW HITPOINT WARNING * * *
You swing at nothing.
You feel less confused. Something hits you but does no damage.
You cannot move.
Okay, then.
Okay, then.
Okay, then.
You aren't carrying any items that you can evoke.
Sorry, you're not good enough to have a special ability.
Unknown command.
You cannot move.
You are too injured to fight recklessly!
Reach: a) +0 trident
Press: ? - help, Dir - move target You reach to attack!
You hit something.
Reach: a) +0 trident
Press: ? - help, Dir - move target You reach to attack!
You barely miss something. Something hits you but does no damage.
You aren't carrying any items that you can evoke.
You aren't carrying any items that you can evoke.
Reach: a) +0 trident
Press: ? - help, Dir - move target You reach to attack!
You hit something. Something hits you but does no damage.
Reach: a) +0 trident
Press: ? - help, Dir - move target You reach to attack!
You closely miss something.
Reach: a) +0 trident
Press: ? - help, Dir - move target You reach to attack!
You closely miss something. Something hits you!
You die...

#......##.........#
.......##.........
.....#..#........ .
....##.##.....#.##..
.......#.....##.....
.................#
..#####†.#.#...#.##
...#.##.####...#$.###
.......[# #.....♣.{(#
...###...
#.......#...... ...#
###....#..#### .....
...# #....#... ?###
>..### #........# #
.....##......#.##
...<........##..
#)...).....# ...
..†.......#


There were no monsters in sight!

Vanquished Creatures
  A hound (D:4)
  A gnoll bouda (D:4)
  An orc wizard (D:3)
  3 gnolls (D:4)
  2 adders
  2 dart slugs
  2 orcs (D:3)
  8 ball pythons
  9 bats
  5 endoplasms
  3 giant cockroaches
  5 goblins
  5 hobgoblins
  4 kobolds (D:1)
  3 quokkas
  2 frilled lizards (D:1)
  2 rats
58 creatures vanquished.

Notes
Turn   | Place    | Note
-------+----------+-------------------------------------------
     0 | D:1      | twnfb the Merfolk Gladiator began the quest for the Orb.
     0 | D:1      | Reached XP level 1. HP: 16/16 MP: 1/1
    67 | D:1      | Reached XP level 2. HP: 22/22 MP: 2/2
   410 | D:1      | Reached skill level 5 in Polearms
   531 | D:1      | Found a faded altar of an unknown god.
   727 | D:1      | Reached XP level 3. HP: 27/27 MP: 3/3
  1018 | D:2      | Found a white marble altar of Elyvilon.
  1315 | D:2      | Reached skill level 6 in Polearms
  1329 | D:2      | Found Rorhia's Armour Shoppe.
  1745 | D:3      | Upgraded the game from 0.29.1-12-g30fa7ad0bf to
                  | 0.29.1-15-g9cfb28693d
  1864 | D:3      | Reached XP level 4. HP: 33/33 MP: 4/4
  2085 | D:3      | Gained mutation: You have a pair of small horns on your
                  | head. [potion of mutation]
  2085 | D:3      | Gained mutation: You expend magic power (3 MP) to
                  | strengthen your wands. [potion of mutation]
  2085 | D:3      | Gained mutation: You have hidden genetic potential. [potion
                  | of mutation]
  2086 | D:3      | Lost mutation: You have a pair of small horns on your head.
                  | [potion of mutation]
  2086 | D:3      | Lost mutation: You expend magic power (3 MP) to strengthen
                  | your wands. [potion of mutation]
  2086 | D:3      | Lost mutation: You have hidden genetic potential. [potion
                  | of mutation]
  2086 | D:3      | Gained mutation: You are partially covered in iridescent
                  | scales. (AC +2) [potion of mutation]
  2087 | D:3      | Lost mutation: You are partially covered in iridescent
                  | scales. (AC +2) [potion of mutation]
  2087 | D:3      | Gained mutation: Your flesh is heat resistant. (rF+)
                  | [potion of mutation]
  2087 | D:3      | Gained mutation: Your magical capacity is low. (-10% MP)
                  | [potion of mutation]
  2087 | D:3      | Gained mutation: Your movements are slightly less
                  | encumbered by armour. (ER -2) [potion of mutation]
  2297 | D:4      | Found Maecs's General Store.
  2305 | D:4      | Reached skill level 7 in Polearms
  2342 | D:4      | Reached XP level 5. HP: 25/38 MP: 4/4
  2572 | D:4      | Reached skill level 8 in Polearms
  2740 | D:4      | Noticed Sigmund
  3012 | D:4      | HP: 2/57 [something/puff of flame (6)]
  3018 | D:4      | Mangled by Sigmund

Illustrated notes

Levels and vault maps discovered:
D:1:      pf_arrival_petrified_forest, layout_loops_corners,
          hellmonk_ecumenical_altar_blasted, minivault_25
D:2:      layout_rooms, serial_shops, nicolae_lakefront_shop, basic_altar
D:3:      layout_basic
D:4:      layout_cave_pools, serial_shops, shop, chequers_jeans,
          minmay_small_thing, uniq_sigmund

Skill      XL: |  1  2  3  4  5 |
---------------+----------------+-----
Polearms       | 5 6 7 8 |  8.3
Fighting       | |  2.1
Throwing       | |  2.0
Dodging        | |  4.0

Action                   |  1- 3 |  4- 6 || total
-------------------------+-------+-------++-------
Melee: Trident           |   120 |    78 ||   198
Throw: Throwing net      |       |     4 ||     4
  Use: Scroll            |     6 |     1 ||     7
       Potion            |       |     4 ||     4
 Stab: Sleeping          |     2 |       ||     2
       Held in net/web   |       |     3 ||     3
Armor: Leather armour    |    19 |       ||    19
       Ring mail         |    10 |     6 ||    16
       Scale mail        |       |    11 ||    11
       Skin              |       |     6 ||     6
Dodge: Dodged            |    60 |    30 ||    90
Block: Buckler           |     3 |     8 ||    11
